 Dungeon Crawl Stone Soup version 0.28.0-1-gb440e238dd (webtiles) character file.

Game seed: 3857980012648273271

18 zeram the Shield-Bearer (level 2, 0/19 HPs)
             Began as a Gargoyle Fighter on Feb 26, 2022.
             Slain by an adder (3 damage)
             ... on level 3 of the Dungeon.
             The game lasted 00:00:56 (617 turns).

zeram the Shield-Bearer (Gargoyle Fighter)           Turns: 617, Time: 00:00:56

Health: 0/19       AC:  9    Str: 19    XL:     2   Next: 66%
Magic:  2/2        EV:  9    Int:  8    God:
Gold:   28         SH:  4    Dex:  9    Spells: 1/1 levels left

rFire   . . .      SeeInvis .   a - +0 flail
rCold   . . .      Faith    .   c - +0 buckler
rNeg    + . .      Spirit   .   b - +0 scale mail
rPois   ∞          Reflect  .   (no helmet)
rElec   +          Harm     .   (no cloak)
rCorr   .          Rampage  .   (no gloves)
Will    .....                   (no boots)
Stlth   ..........              (no amulet)
HPRegen 0.06/turn               (no ring)
MPRegen 0.08/turn               (no ring)

@: no status effects
A: sickness immunity, AC +2, negative energy resistance 1, electricity
resistance, torment resistance 1, petrification resistance
a: no special abilities


You were on level 3 of the Dungeon.
You visited 1 branch of the dungeon, and saw 3 of its levels.

You collected 28 gold pieces.

Inventory:

Hand Weapons
 a - a +0 flail (weapon)
Armour
 b - a +0 scale mail (worn)
 c - a +0 buckler (worn)
Scrolls
 e - 2 scrolls of teleportation {unknown}
 f - a scroll of identify {unknown}
Potions
 d - a potion of might
 g - a potion of brilliance {unknown}
 h - a potion of lignification {unknown}
 i - 2 potions of berserk rage {unknown}


   Skills:
 + Level 3.5 Fighting
 + Level 2.2 Maces & Flails
 + Level 3.5 Armour
 + Level 3.7 Shields


You had one spell level left.
You didn't know any spells.
Your spell library was empty.

Dungeon Overview and Level Annotations

Branches:
Dungeon (3/15)

Altars:


Innate Abilities, Weirdness & Mutations

You are immune to sickness and miasma.
Your stone body is resilient. (AC +2)
You are immune to poison.
You resist negative energy. (rN+)
You are resistant to electric shocks. (rElec)
You are resistant to unholy torment.
You are immune to petrification.


Message History

You closely miss the bat. The bat closely misses you.
The adder bites you but does no damage. The rat bites you.
The bat hits you but does no damage. The adder bites you but does no damage.
The rat bites you but does no damage. You block the worm's attack.
The bat hits you but does no damage. The bat hits you but does no damage.
The bat barely misses you. The bat hits you but does no damage.
The adder barely misses you.
A rat comes into view.
The bat hits you but does no damage.
A frilled lizard comes into view.
The frilled lizard hisses angrily.
You hear an angry hiss.
An adder comes into view.
The adder bites you but does no damage.
The frilled lizard moves out of view.
The adder barely misses you.
There is a stone staircase leading down here.
The adder bites you but does no damage. You block the rat's attack.
The frilled lizard bites you but does no damage.
You climb downwards.
There is a stone staircase leading up here.
You are too injured to fight recklessly!
You are too injured to fight recklessly!
You are too injured to fight recklessly!
You barely miss the rat. The adder bites you. x2
* * * LOW HITPOINT WARNING * * *
The rat closely misses you.
You hit the rat but do no damage. The adder bites you but does no damage.
The rat bites you but does no damage. The adder completely misses you.
You completely miss the rat. The rat bites you but does no damage.
The adder closely misses you. The rat bites you.
* * * LOW HITPOINT WARNING * * *
The adder bites you but does no damage.
You hit the rat.
You kill the rat!
The adder bites you but does no damage.
You barely miss the adder. The adder barely misses you.
The adder bites you but does no damage.
You closely miss the adder. The adder bites you but does no damage.
The adder misses you.
You miss the adder. The adder bites you.
You die... ..###########.# #.....†@Sl....# ###############

You could see an adder and a frilled lizard.

Vanquished Creatures
  A dart slug (D:2)
  4 goblins
  A hobgoblin (D:1)
  A kobold (D:2)
  A quokka (D:1)
  3 ball pythons
  A bat (D:1)
  2 frilled lizards (D:1)
  2 rats
16 creatures vanquished.

Notes
Turn   | Place    | Note
-------+----------+-------------------------------------------
     0 | D:1      | zeram the Gargoyle Fighter began the quest for the Orb.
     0 | D:1      | Reached XP level 1. HP: 14/14 MP: 1/1
   127 | D:1      | Found a faded altar of an unknown god.
   279 | D:1      | Reached XP level 2. HP: 19/19 MP: 2/2
   521 | D:1      | You fall into a shaft and drop 1 floor!
   617 | D:3      | Slain by an adder

Illustrated notes

Levels and vault maps discovered:
D:1:      dpeg_arrival_arbitrary_c, layout_basic, ebering_ecumenical_altar_mist,
          serial_glass, glass_columns_b, glass_columns_a
D:2:      layout_rooms
D:3:      layout_basic

Action                   || total
-------------------------++-------
Melee: Flail             ||    54
Armor: Scale mail        ||    51
Dodge: Dodged            ||    42
Block: Buckler           ||    23
